| TOP OF THE 1ST |
|
Tampa Pirates batting - Pitching for Daytona Beach Islanders : LHP Carlton Roberts
|
|
Pitching: LHP Carlton Roberts
|
|
|
Batting: RHB Drungo Hazewood
|
0-0: Ball 1-0: Ball 2-0: Ball 3-0: Called Strike 3-1: Called Strike 3-2: Ground out 6-3 (Groundball, 6, EV 83.8 MPH)
|
|
Batting: LHB David Frederick
|
0-0: Ball 1-0: Swinging Strike 1-1: Ball 2-1: Fly out, F8 (Flyball, 78XD, EV 108.8 MPH)
|
|
Batting: LHB Reggie West
|
0-0: Ball 1-0: Called Strike 1-1: Swinging Strike 1-2: Foul Ball, location: 2F 1-2: Foul Ball, location: 2F 1-2: Ground out U3 (Groundball, 3, EV 101.3 MPH)
|
| Top of the 1st over - 0 runs, 0 hits, 0 errors, 0 left on base; Tampa 0 - Daytona Beach 0 |
| BOTTOM OF THE 1ST |
|
Daytona Beach Islanders batting - Pitching for Tampa Pirates : RHP Albert Ervey
|
|
Pitching: RHP Albert Ervey
|
|
|
Batting: SHB Michael Frierson
|
0-0: Ball 1-0: Foul Ball, location: 2F 1-1: Ball 2-1: Foul Ball, location: 2F 2-2: Strikes out looking
|
|
Batting: RHB Juan Salinas
|
0-0: Called Strike 0-1: Foul Ball, location: 2F 0-2: SINGLE (Groundball, 25, EV 70.6 MPH) (infield hit)
|
|
Batting: LHB Jim Eppard
|
0-0: Called Strike 0-1: Ball 1-1: Ball 2-1: Foul Ball, location: 2F 2-2: Fly out, F8 (Flyball, 8LD, EV 90.0 MPH)
|
|
Batting: RHB Gary Kempton
|
0-0: Called Strike 0-1: Ball 1-1: Foul Ball, location: 2F 1-2: Foul Ball, location: 2F 1-2: Strikes out swinging
|
| Bottom of the 1st over - 0 runs, 1 hit, 0 errors, 1 left on base; Tampa 0 - Daytona Beach 0 |
| TOP OF THE 2ND |
|
Tampa Pirates batting - Pitching for Daytona Beach Islanders : LHP Carlton Roberts
|
|
Batting: RHB Cliff Pastornicky
|
0-0: Ball 1-0: Called Strike 1-1: Ball 2-1: Fly out, F5 (Popup, 56, EV 83.1 MPH)
|
|
Batting: RHB Ricky Jones
|
0-0: Ball 1-0: Fly out, F8 (Line Drive, 8LM, EV 88.8 MPH)
|
|
Batting: SHB Gary Springer
|
0-0: Called Strike 0-1: Ball 1-1: Ball 2-1: Foul Ball, location: 2F 2-2: Foul Ball, location: 2F 2-2: Ball 3-2: Base on Balls
|
|
Batting: LHB Alfredo Rodriguez
|
0-0: Ball 1-0: Swinging Strike 1-1: Ball 2-1: Ground out U3 (Groundball, 3L, EV 86.9 MPH)
|
| Top of the 2nd over - 0 runs, 0 hits, 0 errors, 1 left on base; Tampa 0 - Daytona Beach 0 |
| BOTTOM OF THE 2ND |
|
Daytona Beach Islanders batting - Pitching for Tampa Pirates : RHP Albert Ervey
|
|
Batting: RHB Jeff Rutledge
|
0-0: Ball 1-0: Ball 2-0: Ball 3-0: Called Strike 3-1: Base on Balls
|
|
Batting: RHB Jose Gonzalez
|
0-0: Ball 1-0: Ball 2-0: Called Strike 2-1: Reached on error, E4 (Groundball, 4, EV 80.6 MPH) Jeff Rutledge to second
|
|
Batting: LHB Philip Thomson
|
0-0: Swinging Strike 0-1: Ball 1-1: Ball 2-1: Ball 3-1: Base on Balls Jeff Rutledge to third Jose Gonzalez to second
|
|
Batting: RHB Francisco Gonzalez
|
0-0: Called Strike 0-1: Ball 1-1: Ball 2-1: Foul Ball, location: 2F 2-2: Ball 3-2: Base on Balls Jeff Rutledge scores Jose Gonzalez to third Philip Thomson to second
|
|
Batting: RHB Jeffrey Coker
|
0-0: Called Strike 0-1: Ball 1-1: Ball 2-1: Swinging Strike 2-2: Ball 3-2: Ground out 4-3 (Groundball, P, EV 81.3 MPH) Jose Gonzalez scores Philip Thomson to third Francisco Gonzalez to second
|
|
Batting: SHB Michael Frierson
|
0-0: Called Strike 0-1: Swinging Strike 0-2: Foul Ball, location: 2F 0-2: Ball 1-2: Ball 2-2: Ball 3-2: Base on Balls
|
|
Batting: RHB Juan Salinas
|
0-0: Ball 1-0: SINGLE (Groundball, 4MD, EV 105.6 MPH) Philip Thomson scores Francisco Gonzalez to third Michael Frierson to second
|
|
Batting: LHB Jim Eppard
|
0-0: Ball 1-0: Ball 2-0: Called Strike 2-1: Ball 3-1: Foul Ball, location: 2F 3-2: Fly out, F6 (Flyball, 56D, EV 92.5 MPH)
|
|
Batting: RHB Gary Kempton
|
0-0: Called Strike 0-1: Ball 1-1: Ball 2-1: Ball 3-1: SINGLE (Groundball, 56D, EV 98.1 MPH) Francisco Gonzalez scores Michael Frierson to third Juan Salinas to second Runner from 3rd tries for Home, SAFE, throw by LF to home
|
|
Batting: RHB Jeff Rutledge
|
0-0: Called Strike 0-1: Ball 1-1: Swinging Strike 1-2: Ball 2-2: SINGLE (Groundball, 4MD, EV 95.0 MPH) Juan Salinas to third Gary Kempton to second Runner from 3rd tries for Home, SAFE, throw by CF to home
|
|
Batting: RHB Jose Gonzalez
|
0-0: Foul Ball, location: 2F 0-1: Ball 1-1: Ground out 4-3 (Groundball, 4, EV 108.8 MPH)
|
| Bottom of the 2nd over - 6 runs, 3 hits, 1 error, 2 left on base; Tampa 0 - Daytona Beach 6 |
| TOP OF THE 3RD |
|
Tampa Pirates batting - Pitching for Daytona Beach Islanders : LHP Carlton Roberts
|
|
Batting: RHB Dale Eiler
|
0-0: Foul Ball, location: 2F 0-1: Foul Ball, location: 2F 0-2: Foul Ball, location: 2F 0-2: Ball 1-2: Ball 2-2: Ground out 4-3 (Groundball, 4, EV 105.6 MPH)
|
|
Batting: RHB Roy Dixon
|
0-0: Swinging Strike 0-1: Swinging Strike 0-2: Ground out 6-3 (Groundball, 6MS, EV 80.0 MPH)
|
|
Batting: RHB Drungo Hazewood
|
0-0: Foul Ball, location: 2F 0-1: Ball 1-1: Ground out 4-3 (Groundball, 4, EV 105.0 MPH)
|
| Top of the 3rd over - 0 runs, 0 hits, 0 errors, 0 left on base; Tampa 0 - Daytona Beach 6 |
| BOTTOM OF THE 3RD |
|
Daytona Beach Islanders batting - Pitching for Tampa Pirates : RHP Albert Ervey
|
|
Batting: LHB Philip Thomson
|
0-0: DOUBLE (Line Drive, 8LD, EV 110.0 MPH)
|
|
Batting: RHB Francisco Gonzalez
|
0-0: Ball 1-0: Swinging Strike 1-1: Ball 2-1: Foul Ball, location: 2F 2-2: SINGLE (Line Drive, 4M, EV 98.8 MPH) Philip Thomson to third
|
|
Batting: RHB Jeffrey Coker
|
0-0: Called Strike 0-1: Swinging Strike 0-2: Foul Ball, location: 2F 0-2: Ball 1-2: Foul Ball, location: 2F 1-2: DOUBLE (Line Drive, 78D, EV 106.3 MPH) Philip Thomson scores Francisco Gonzalez to third
|
|
Batting: SHB Michael Frierson
|
0-0: Hit by Pitch
|
|
Batting: RHB Juan Salinas
|
0-0: Called Strike 0-1: SINGLE (Groundball, 5S, EV 68.8 MPH) (infield hit) Francisco Gonzalez scores Jeffrey Coker to third Michael Frierson to second
|
|
Pitching: LHP George Persandi
|
|
|
Batting: LHB Jim Eppard
|
0-0: Called Strike 0-1: Foul Ball, location: 2F 0-2: Strikes out looking
|
|
Batting: RHB Gary Kempton
|
0-0: Called Strike 0-1: Ball 1-1: GRAND SLAM HOME RUN (Flyball, 89XD, EV 97.5 MPH), Distance : 446 ft
|
|
Batting: RHB Jeff Rutledge
|
0-0: Foul Ball, location: 2F 0-1: Swinging Strike 0-2: Strikes out swinging
|
|
Batting: RHB Jose Gonzalez
|
0-0: Ball 1-0: Swinging Strike 1-1: Swinging Strike 1-2: Ground out 4-3 (Groundball, 4D, EV 105.0 MPH)
|
| Bottom of the 3rd over - 6 runs, 5 hits, 0 errors, 0 left on base; Tampa 0 - Daytona Beach 12 |
| TOP OF THE 4TH |
|
Tampa Pirates batting - Pitching for Daytona Beach Islanders : LHP Carlton Roberts
|
|
Batting: LHB David Frederick
|
0-0: Ball 1-0: Called Strike 1-1: Ball 2-1: SINGLE (Line Drive, 78S, EV 107.5 MPH)
|
|
Batting: LHB Reggie West
|
0-0: Called Strike 0-1: Ball 1-1: SINGLE (Flyball, 9LS, EV 82.5 MPH) David Frederick to second
|
|
Batting: RHB Cliff Pastornicky
|
0-0: Ball 1-0: Ball 2-0: Ground out 6-3 (Groundball, 6S, EV 63.8 MPH) David Frederick to third Reggie West to second
|
|
Batting: RHB Ricky Jones
|
0-0: Ground out 5-3 (Groundball, 56, EV 99.4 MPH) David Frederick scores
|
|
Batting: SHB Gary Springer
|
0-0: Called Strike Balk! Reggie West to third 0-1: Ground out 5-3 (Groundball, 5, EV 106.3 MPH)
|
| Top of the 4th over - 1 run, 2 hits, 0 errors, 1 left on base; Tampa 1 - Daytona Beach 12 |
| BOTTOM OF THE 4TH |
|
Daytona Beach Islanders batting - Pitching for Tampa Pirates : LHP George Persandi
|
|
Batting: LHB Philip Thomson
|
0-0: Ball 1-0: Called Strike 1-1: Swinging Strike 1-2: Ground out 4-3 (Groundball, 4, EV 102.5 MPH)
|
|
Batting: RHB Francisco Gonzalez
|
0-0: Foul Ball, location: 2F 0-1: Ball 1-1: Foul Ball, location: 2F 1-2: Strikes out swinging
|
|
Batting: RHB Jeffrey Coker
|
0-0: Fly out, F7 (Flyball, 7, EV 94.4 MPH)
|
| Bottom of the 4th over - 0 runs, 0 hits, 0 errors, 0 left on base; Tampa 1 - Daytona Beach 12 |
| TOP OF THE 5TH |
|
Tampa Pirates batting - Pitching for Daytona Beach Islanders : LHP Carlton Roberts
|
|
Batting: LHB Alfredo Rodriguez
|
0-0: Ball 1-0: Ball 2-0: Swinging Strike 2-1: Swinging Strike 2-2: Ground out 3-1 (Groundball, 34, EV 95.0 MPH)
|
|
Batting: RHB Dale Eiler
|
0-0: Called Strike 0-1: Called Strike 0-2: Fly out, F2 (Popup, 23F, EV 81.3 MPH)
|
|
Batting: RHB Roy Dixon
|
0-0: Called Strike 0-1: Swinging Strike 0-2: Foul Ball, location: 2F 0-2: Foul Ball, location: 2F 0-2: Fly out, F3 (Popup, 34S, EV 69.4 MPH)
|
| Top of the 5th over - 0 runs, 0 hits, 0 errors, 0 left on base; Tampa 1 - Daytona Beach 12 |
| BOTTOM OF THE 5TH |
|
Daytona Beach Islanders batting - Pitching for Tampa Pirates : LHP George Persandi
|
|
Batting: SHB Michael Frierson
|
0-0: Ball 1-0: Ball 2-0: Called Strike 2-1: Ball 3-1: Base on Balls
|
|
Batting: RHB Juan Salinas
|
0-0: Called Strike 0-1: Ball 1-1: Ball 2-1: Fly out, F9 (Flyball, 9LM, EV 79.4 MPH)
|
|
Batting: LHB Jim Eppard
|
0-0: Called Strike 0-1: Called Strike 0-2: Ball 1-2: Ball 2-2: Ball 3-2: Foul Ball, location: 2F 3-2: Base on Balls Michael Frierson to second
|
|
Batting: RHB Gary Kempton
|
0-0: Ball 1-0: Foul Ball, location: 2F 1-1: Swinging Strike 1-2: Strikes out swinging
|
|
Batting: RHB Jeff Rutledge
|
0-0: Ball 1-0: DOUBLE (Line Drive, 9LS, EV 97.5 MPH) Michael Frierson scores Jim Eppard to third Runner from 3rd tries for Home, SAFE, no throw by RF
|
|
Batting: RHB Jose Gonzalez
|
0-0: Called Strike 0-1: Ground out 6-3 (Groundball, 6, EV 83.8 MPH)
|
| Bottom of the 5th over - 2 runs, 1 hit, 0 errors, 1 left on base; Tampa 1 - Daytona Beach 14 |
| TOP OF THE 6TH |
|
Tampa Pirates batting - Pitching for Daytona Beach Islanders : LHP Carlton Roberts
|
|
Batting: RHB Drungo Hazewood
|
0-0: Ground out 5-3 (Groundball, 5, EV 81.9 MPH)
|
|
Batting: LHB David Frederick
|
0-0: Ball 1-0: Foul Ball, location: 2F 1-1: Fly out, F8 (Flyball, 8RM, EV 84.4 MPH)
|
|
Batting: LHB Reggie West
|
0-0: Ground out 4-3 (Groundball, 4M, EV 103.8 MPH)
|
| Top of the 6th over - 0 runs, 0 hits, 0 errors, 0 left on base; Tampa 1 - Daytona Beach 14 |
| BOTTOM OF THE 6TH |
|
Daytona Beach Islanders batting - Pitching for Tampa Pirates : LHP George Persandi
|
|
Pitching: LHP Mark Riggins
|
|
|
Batting: LHB Philip Thomson
|
0-0: Called Strike 0-1: SINGLE (Groundball, 6MD, EV 95.6 MPH)
|
|
Batting: RHB Francisco Gonzalez
|
0-0: Called Strike 0-1: Ball 1-1: Called Strike 1-2: Fly out, F7 (Flyball, 7S, EV 93.1 MPH)
|
|
Batting: RHB Jeffrey Coker
|
0-0: SINGLE (Flyball, 8RS, EV 95.6 MPH) Philip Thomson to second
|
|
Batting: SHB Michael Frierson
|
0-0: Called Strike 0-1: Ball 1-1: Fly out, F4 (Popup, 4S, EV 85.6 MPH)
|
|
Batting: RHB Juan Salinas
|
0-0: Called Strike 0-1: Ball 1-1: Ball 2-1: Called Strike 2-2: Foul Ball, location: 2F 2-2: Fly out, F8 (Flyball, 8LS, EV 85.0 MPH)
|
| Bottom of the 6th over - 0 runs, 2 hits, 0 errors, 2 left on base; Tampa 1 - Daytona Beach 14 |
| TOP OF THE 7TH |
|
Tampa Pirates batting - Pitching for Daytona Beach Islanders : LHP Carlton Roberts
|
|
Pinch Hitting: LHB Charles Rouse
|
0-0: Ground out 4-3 (Groundball, 4, EV 77.5 MPH)
|
|
Pinch Hitting: RHB Steven Young
|
0-0: Ground out 5-3 (Groundball, 56S, EV 68.1 MPH)
|
|
Pinch Hitting: RHB Gregg Creten
|
0-0: Foul Ball, location: 2F 0-1: Swinging Strike 0-2: Foul Ball, location: 2F 0-2: Ball 1-2: Strikes out swinging
|
| Top of the 7th over - 0 runs, 0 hits, 0 errors, 0 left on base; Tampa 1 - Daytona Beach 14 |
| BOTTOM OF THE 7TH |
|
Daytona Beach Islanders batting - Pitching for Tampa Pirates : LHP Mark Riggins
|
|
Now at 2B: Charles Rouse
|
|
|
Now at 3B: Gregg Creten
|
|
|
Now at SS: Steven Young
|
|
|
Pinch Hitting: RHB Larry Zerante
|
0-0: Ball 1-0: Called Strike 1-1: Ball 2-1: Foul Ball, location: 2F 2-2: Strikes out swinging
|
|
Batting: RHB Gary Kempton
|
0-0: Called Strike 0-1: Ball 1-1: Ball 2-1: Swinging Strike 2-2: Foul Ball, location: 2F 2-2: Strikes out swinging
|
|
Batting: RHB Jeff Rutledge
|
0-0: SINGLE (Groundball, 56D, EV 100.0 MPH)
|
|
Batting: RHB Jose Gonzalez
|
0-0: Ball 1-0: Called Strike 1-1: Ball 2-1: Foul Ball, location: 2F 2-2: Foul Ball, location: 2F 2-2: Ball 3-2: Base on Balls Jeff Rutledge to second
|
|
Batting: LHB Philip Thomson
|
0-0: Swinging Strike 0-1: SINGLE (Groundball, 4MS, EV 84.4 MPH) (infield hit) Jeff Rutledge to third Jose Gonzalez to second
|
|
Batting: RHB Francisco Gonzalez
|
0-0: Called Strike 0-1: Swinging Strike 0-2: Ball 1-2: Ball 2-2: Ball 3-2: Ground out 6-3 (Groundball, 6, EV 87.5 MPH)
|
| Bottom of the 7th over - 0 runs, 2 hits, 0 errors, 3 left on base; Tampa 1 - Daytona Beach 14 |
| TOP OF THE 8TH |
|
Tampa Pirates batting - Pitching for Daytona Beach Islanders : LHP Carlton Roberts
|
|
Now at 1B: Larry Zerante
|
|
|
Batting: LHB Alfredo Rodriguez
|
0-0: Called Strike 0-1: Ball 1-1: Called Strike 1-2: Ball 2-2: Foul Ball, location: 2F 2-2: SINGLE (Line Drive, 7S, EV 106.9 MPH)
|
|
Batting: RHB Dale Eiler
|
0-0: Ball 1-0: Ball 2-0: Called Strike 2-1: SINGLE (Flyball, 89S, EV 88.1 MPH) Alfredo Rodriguez to second
|
|
Batting: RHB Roy Dixon
|
0-0: Called Strike 0-1: Ball 1-1: Swinging Strike 1-2: Foul Ball, location: 2F 1-2: Ball 2-2: Ball 3-2: Strikes out swinging
|
|
Pinch Hitting: RHB James Van Deventer
|
0-0: Ball 1-0: Fly out, F8 (Flyball, 8LD, EV 110.0 MPH)
|
|
Batting: LHB David Frederick
|
0-0: Ball 1-0: Fly out, F9 (Flyball, 89XD, EV 88.8 MPH)
|
| Top of the 8th over - 0 runs, 2 hits, 0 errors, 2 left on base; Tampa 1 - Daytona Beach 14 |
| BOTTOM OF THE 8TH |
|
Daytona Beach Islanders batting - Pitching for Tampa Pirates : LHP Mark Riggins
|
|
Now in RF: James Van Deventer
|
|
|
Batting: RHB Jeffrey Coker
|
0-0: Swinging Strike 0-1: SINGLE (Groundball, 15, EV 85.0 MPH) (infield hit)
|
|
Batting: SHB Michael Frierson
|
0-0: Ball 1-0: Foul Ball, location: 2F 1-1: SINGLE (Groundball, 6MD, EV 95.0 MPH) Jeffrey Coker to second
|
|
Batting: RHB Juan Salinas
|
0-0: Swinging Strike 0-1: Ball 1-1: Foul Ball, location: 2F 1-2: Strikes out looking
|
|
Batting: RHB Larry Zerante
|
0-0: Ball 1-0: Ball 2-0: Ball 3-0: Base on Balls Jeffrey Coker to third Michael Frierson to second
|
|
Pitching: LHP Christopher Lombardo
|
|
|
Batting: RHB Gary Kempton
|
0-0: Ball 1-0: Fly out, F4 (Line Drive, 4, EV 71.3 MPH)
|
|
Batting: RHB Jeff Rutledge
|
0-0: Called Strike 0-1: Called Strike 0-2: Fly out, F4 (Popup, 34S, EV 83.1 MPH)
|
| Bottom of the 8th over - 0 runs, 2 hits, 0 errors, 3 left on base; Tampa 1 - Daytona Beach 14 |
| TOP OF THE 9TH |
|
Tampa Pirates batting - Pitching for Daytona Beach Islanders : LHP Carlton Roberts
|
|
Batting: LHB Reggie West
|
0-0: Ball 1-0: Ball 2-0: SINGLE (Line Drive, 34D, EV 98.1 MPH)
|
|
Batting: LHB Charles Rouse
|
0-0: Called Strike 0-1: Ball 1-1: Fly out, F9 (Flyball, 9, EV 89.4 MPH)
|
|
Pinch Hitting: RHB William Gaffney
|
0-0: Called Strike 0-1: Called Strike 0-2: Ground out 6-3 (Groundball, 56, EV 102.5 MPH) Reggie West to second
|
|
Batting: RHB Gregg Creten
|
0-0: Ball 1-0: Ball 2-0: Foul Ball, location: 2F 2-1: Ball 3-1: Foul Ball, location: 2F 3-2: Foul Ball, location: 2F 3-2: Base on Balls
|
|
Pitching: RHP Randall Rambis
|
|
|
Batting: LHB Alfredo Rodriguez
|
0-0: Foul Ball, location: 2F 0-1: Fly out, F7 (Flyball, 7D, EV 94.4 MPH)
|
| Top of the 9th over - 0 runs, 1 hit, 0 errors, 2 left on base; Tampa 1 - Daytona Beach 14 |
|